 Dungeon Crawl Stone Soup version 0.30-a0-141-g30f27751c5 (webtiles) character file.

Game seed: 8892582016368577203

240 qw the Shield-Bearer (level 6, -2/37 HPs)
             Began as a Gargoyle Fighter on Sept 25, 2022.
             Slain by a sky beast (4 damage)
             ... on level 4 of the Dungeon.
             The game lasted 00:01:10 (3469 turns).

qw the Shield-Bearer (Gargoyle Fighter)             Turns: 3469, Time: 00:01:11

Health: -2/37      AC: 13    Str: 22    XL:     6   Next: 8%
Magic:  6/6        EV:  8    Int:  8    God:
Gold:   133        SH:  8    Dex:  9    Spells: 5/5 levels left

rFire   + . .      SeeInvis .    Y - +1 war axe
rCold   . . .      Faith    .    a - +0 kite shield
rNeg    + . .      Spirit   .    b - +0 scale mail
rPois   inf        Reflect  .    (no helmet)
rElec   +          Harm     .    p - +1 cloak
rCorr   +          Rampage  .    (no gloves)
Will    .....                    (no boots)
Stlth   ..........               (no amulet)
HPRegen 0.12/turn                f - ring of protection from fire
MPRegen 0.10/turn                i - ring of resist corrosion

@: no status effects
A: sickness immunity, AC +4, negative energy resistance 1, electricity
resistance, torment resistance 1, petrification resistance
a: no special abilities


You were on level 4 of the Dungeon.
You visited 1 branch of the dungeon, and saw 4 of its levels.

You collected 133 gold pieces.


Innate Abilities, Weirdness & Mutations

You are immune to sickness and miasma.
Your stone body is resilient. (AC +4)
You are immune to poison.
You resist negative energy. (rN+)
You are resistant to electric shocks. (rElec)
You are resistant to unholy torment.
You are immune to petrification.


   Skills:
 - Level 3.2 Fighting
 + Level 4.0 Axes
 - Level 3.2 Armour
 - Level 5.7 Shields


You had 5 spell levels left.
You didn't know any spells.
Your spell library was empty.

Inventory:

Hand Weapons
 k - a +0 whip
 Y - a +1 war axe (weapon)
Armour
 a - a +0 kite shield (worn)
 b - a +0 scale mail (worn)
 p - a +1 cloak (worn)
Jewellery
 f - a ring of protection from fire (left hand)
 i - a ring of resist corrosion (right hand)
Scrolls
 c - a scroll of identify
Potions
 d - a potion of might
 e - a potion of mutation
 g - a potion of lignification
 h - a potion of curing {unknown}
 l - a potion of invisibility {unknown}
 n - a potion of flight {unknown}

Dungeon Overview and Level Annotations

Branches:
Dungeon (4/15)
 Temple: D:4-7

Altars:
Xom


Message History

A sky beast and a giant cockroach come into view.
Found a scroll of enchant weapon, a scroll of identify and 4 poisoned darts.
Enter note: The sky beast flickers out of sight!
Deactivating autopickup; reactivate with Ctrl-A.
Something hits you but does no damage. Something hits you but does no damage.
You block the giant cockroach's attack.
You hit the giant cockroach.
You kill the giant cockroach!
You hit something. Something hits you. Something shocks you. You resist.
Something hits you but does no damage.
You barely miss something. Something hits you but does no damage.
You barely miss something.
A sky beast appears from thin air!
Reactivating autopickup.
The sky beast hits you but does no damage.
You closely miss the sky beast.
The sky beast is lightly wounded.
The sky beast hits you. The sky beast shocks you. You resist.
The sky beast flickers out of sight!
Deactivating autopickup; reactivate with Ctrl-A.
Something hits you but does no damage.
You closely miss something. Something hits you but does no damage.
You closely miss something.
Something hits you but does no damage. x2
You barely miss something. Something hits you but does no damage.
You closely miss something. Something hits you but does no damage.
You block something's attack.
You miss something. Something hits you but does no damage.
You closely miss something. You block something's attack.
Something hits you but does no damage.
You completely miss something. Something hits you.
You die...

....( ..?.##
#....#
#....#
#....#
+....#
##+#....###
.......{..#
.......@..+
...?...%..#
..........#
######......
#.......
#.........
#.........
#.........


There were no monsters in sight!

Vanquished Creatures
  An ice beast (D:4)
  8 adders
  A worm (D:3)
  A dart slug (D:3)
  12 ball pythons
  2 bats
  5 endoplasms
  3 giant cockroaches
  10 goblins
  9 hobgoblins
  4 jackals (D:1)
  2 quokkas
  3 frilled lizards
  6 kobolds
  7 rats
74 creatures vanquished.

Notes
Turn   | Place    | Note
-------+----------+-------------------------------------------
     0 | D:1      | qw the Gargoyle Fighter began the quest for the Orb.
     0 | D:1      | Reached XP level 1. HP: 14/14 MP: 1/1
     0 | D:1      | Noticed a vampire
     0 | D:1      | Noticed an octopode
     0 | D:1      | 0 ||| qw: Version: 0.2-a-10-g399e6c4
     0 | D:1      | 0 ||| qw: Game counter: 300
     0 | D:1      | 0 ||| qw: Always use a shield: true
     0 | D:1      | 0 ||| qw: God list: Okawaru
     0 | D:1      | 0 ||| qw: Allow faded altars: false
     0 | D:1      | 0 ||| qw: Do Orc after D:15 true
     0 | D:1      | 0 ||| qw: Do second Lair branch before Depths: true
     0 | D:1      | 0 ||| qw: Lair rune preference: random
     0 | D:1      | 0 ||| qw: Plans: Normal, Zot:1-4, God:TSO, Crypt, Tomb,
                  | Pan, Slime:5, Hells, Abyss, Orb
     0 | D:1      | 0 ||| PLANNING D:1-11
     1 | D:1      | Noticed a spriggan
     2 | D:1      | Noticed a demigod
     8 | D:1      | Noticed a demonspawn
     9 | D:1      | Noticed a barachi
    11 | D:1      | Noticed a felid
    13 | D:1      | Noticed a minotaur
    13 | D:1      | Noticed a vine stalker
    15 | D:1      | Noticed an octopode
    17 | D:1      | Noticed an octopode
    17 | D:1      | Noticed a human
    19 | D:1      | Noticed a spriggan
    73 | D:1      | Reached XP level 2. HP: 17/19 MP: 2/2
   459 | D:1      | Reached skill level 3 in Axes
   669 | D:1      | Reached XP level 3. HP: 23/23 MP: 3/3
   797 | D:1      | Found a faded altar of an unknown god.
  1145 | D:1      | 1145 ||| READING scroll labelled QAOTID UFFAHO.
  1146 | D:1      | 1146 ||| READING scroll labelled OROEX LUGUR.
  1147 | D:1      | 1147 ||| READING scroll labelled TENISS YPSOUKKUE.
  1180 | D:2      | Found a shimmering altar of Xom.
  1338 | D:2      | 1338 ||| Stepping ~*~*~tactically~*~*~ (stealth).
  1400 | D:2      | 1400 ||| DROPPING +0 club.
  1513 | D:2      | Reached XP level 4. HP: 27/28 MP: 4/4
  1968 | D:2      | 1968 ||| UPGRADING to +0 kite shield.
  1978 | D:2      | 1978 ||| DROPPING +0 buckler.
  1979 | D:2      | 1979 ||| UPGRADING to +0 cloak.
  1984 | D:2      | 1984 ||| UPGRADING to ring of protection from fire.
  1985 | D:2      | 1985 ||| UPGRADING to ring of resist corrosion.
  1986 | D:2      | 1986 ||| READING scroll labelled SOLIRGH MIMINOE.
  1987 | D:2      | 1987 ||| READING scroll labelled VUNGIL VIEMNOU.
  1988 | D:2      | 1988 ||| READING scroll labelled RIAVIPL UCIMI.
  2100 | D:3      | 2100 ||| FLEEEEING.
  2217 | D:3      | 2217 ||| Stepping ~*~*~tactically~*~*~ (stealth).
  2384 | D:3      | Identified the +6 dagger of Shrieking Terror {drain, Str+3}
  2464 | D:3      | 2464 ||| Stepping ~*~*~tactically~*~*~ (stealth).
  2466 | D:3      | 2466 ||| Stepping ~*~*~tactically~*~*~ (hiding).
  2483 | D:3      | 2483 ||| Stepping ~*~*~tactically~*~*~ (stealth).
  2494 | D:3      | 2494 ||| Stepping ~*~*~tactically~*~*~ (hiding).
  2497 | D:3      | 2497 ||| Stepping ~*~*~tactically~*~*~ (hiding).
  2501 | D:3      | 2501 ||| Stepping ~*~*~tactically~*~*~ (hiding).
  2651 | D:3      | Reached skill level 4 in Shields
  2731 | D:3      | Reached XP level 5. HP: 26/32 MP: 5/5
  2826 | D:3      | 2826 ||| READING scroll of enchant armour.
  2826 | D:3      | 2826 ||| ENCHANTING +0 cloak.
  3317 | D:3      | 3317 ||| READING scroll labelled KELEAL UL IRPHE.
  3318 | D:3      | 3318 ||| READING 3 scrolls of identify.
  3318 | D:3      | 3318 ||| IDENTIFYING yellow potion
  3319 | D:3      | 3319 ||| READING 2 scrolls of identify.
  3319 | D:3      | 3319 ||| IDENTIFYING glowing cyan potion
  3435 | D:4      | Noticed an ice beast
  3446 | D:4      | HP: 7/32 [ice beast (10)]
  3447 | D:4      | 3447 ||| READING 2 scrolls of teleportation.
  3449 | D:4      | Killed an ice beast
  3450 | D:4      | Reached skill level 5 in Shields
  3450 | D:4      | Reached XP level 6. HP: 9/37 MP: 6/6
  3453 | D:4      | 3453 ||| READING scroll of teleportation.
  3455 | D:4      | Noticed a sky beast
  3459 | D:4      | HP: 7/37 [something (3)]
  3462 | D:4      | HP: 2/37 [sky beast (4)]
  3469 | D:4      | Slain by a sky beast

Levels and vault maps discovered:
D:1:      shiori_arrival_whats_in_store_for_you, layout_basic,
          chequers_ecumenical_altar_simple_redux,
          nicolae_concentric_dashed_squares_mild, minmay_misc_feat_encased
D:2:      layout_loops_ring, basic_altar
D:3:      layout_loops_ring, chequers_serial_rivers_micro_b,
          chequers_serial_rivers_micro_d, serial_park_tiny_1, roderic_lattice_a,
          minmay_snake_closets
D:4:      layout_gridville

Skill      XL: |  1  2  3  4  5 |
---------------+----------------+-----
Axes           | 2 3 4 |  4.0
Shields        | 4 5 |  5.7
Fighting       | |  3.2
Armour         | |  3.2

Action                   |  1- 3 |  4- 6 || total
-------------------------+-------+-------++-------
Melee: War axe           |    94 |   102 ||   196
  Use: Scroll            |     3 |     9 ||    12
Armor: Scale mail        |    39 |    54 ||    93
Dodge: Dodged            |    41 |    24 ||    65
Block: Buckler           |    10 |     2 ||    12
       Kite shield       |       |    30 ||    30

Table legend:
 A = Non-vault XP
 B = Vault XP
 C = Vault XP percentage of total XP
 D = Non-vault monster count
 E = Vault monster count
 F = Vault count percentage of total count
                 A         B        C        D         E       F
            +---------+---------+-------+---------+---------+-------
      Total |     282 |      61 |  17.8 |      64 |      10 |  13.5
            +---------+---------+-------+---------+---------+-------
        D:1 |      40 |       0 |   0.0 |      23 |       0 |   0.0
        D:2 |      47 |       0 |   0.0 |      17 |       0 |   0.0
        D:3 |      64 |      61 |  48.8 |      21 |      10 |  32.3
        D:4 |     131 |       0 |   0.0 |       3 |       0 |   0.0
            +---------+---------+-------+---------+---------+-------
